 Dungeon Crawl Stone Soup version 0.29.0-4-gdea44cf6ec (webtiles) character file.

Game seed: 1629010758434302753

57 qw the Chopper (level 4, -2/26 HPs)
             Began as a Tengu Warper on Aug 28, 2022.
             Splashed by a jelly's acid (5 damage)
             ... on level 2 of the Dungeon.
             The game lasted 00:00:09 (1460 turns).

qw the Chopper (Tengu Warper)                       Turns: 1460, Time: 00:00:09

Health: -2/26      AC:  2    Str: 13    XL:     4   Next: 0%
Magic:  8/8        EV: 11    Int: 14    God:
Gold:   32         SH:  0    Dex: 13    Spells: 7/7 levels left

rFire   . . .      SeeInvis .   Y - +0 hand axe
rCold   . . .      Faith    .   (no shield)
rNeg    . . .      Spirit   .   f - +0 ring mail
rPois   .          Reflect  .   (helmet restricted)
rElec   .          Harm     .   h - +0 cloak
rCorr   .          Rampage  .   (no gloves)
Will    .....                   (boots unavailable)
Stlth   +.........              (no amulet)
HPRegen 0.08/turn               (no ring)
MPRegen 0.11/turn               (no ring)

@: corroded
A: beak, talons 3
a: no special abilities


You were on level 2 of the Dungeon.
You visited 1 branch of the dungeon, and saw 2 of its levels.

You collected 32 gold pieces.


Innate Abilities, Weirdness & Mutations

You have a beak for a mouth.
You have claws for feet.


   Skills:
 - Level 2.0 Fighting
 + Level 4.5 Axes
 - Level 1.0 Throwing
 - Level 1.1 Armour
 - Level 2.1 Dodging
 - Level 2.0 Spellcasting
 - Level 2.4 Translocations


You had 7 spell levels left.
You didn't know any spells.
Your spell library contained the following spells:

 Spells                   Type           Power      Damage    Failure   Level
 Blink                    Tloc           16%        N/A       28%         2
 Gell's Gravitas          Tloc           8%         N/A       50%         3
 Lesser Beckoning         Tloc           8%         N/A       50%         3
 Teleport Other           Tloc           8%         N/A       50%         3
 Manifold Assault         Tloc           8%         N/A       99%         5

Inventory:

Hand Weapons
 Y - a +0 hand axe (weapon)
Armour
 c - a +0 scale mail
 f - a +0 ring mail (worn)
 h - a +0 cloak (worn)
Potions
 a - a potion of curing {unknown}
 b - a potion of cancellation {unknown}
 d - a potion of lignification {unknown}

Dungeon Overview and Level Annotations

Branches:
Dungeon (2/15)

Altars:


Message History

The bat hits you but does no damage. The bat completely misses you.
You miss the bat. The bat hits you but does no damage.
The bat barely misses you. The bat closely misses you.
You closely miss the bat. Your kick misses the bat. Your peck misses the bat.
The bat hits you. The bat hits you but does no damage.
The bat barely misses you. The bat barely misses you.
The bat closely misses you. The bat closely misses you.
The bat barely misses you.
You slash the bat!
You kill the bat!
You have reached level 4!
You feel clever.
You start resting.
HP restored.
Found a leather armour.
A jelly comes into view.
The jelly quivers.
You see here a +0 sling.
You hit the jelly. The acid corrodes you!
Your hands burn!
You claw the jelly, but do no damage.
The jelly is lightly wounded.
The jelly misses you.
You hit the jelly.
Your hands burn!
The jelly is moderately wounded.
The jelly hits you.
You are splashed with acid!
You hit the jelly.
Your hands burn!
You claw the jelly, but do no damage. You peck the jelly, but do no damage.
The jelly is heavily wounded.
The jelly barely misses you.
You hit the jelly.
Your hands burn!
The jelly is heavily wounded.
The jelly barely misses you.
You completely miss the jelly. You peck the jelly.
The jelly is almost dead.
The jelly hits you but does no damage.
You hit the jelly.
Your hands burn!
You die...

##### #...###
..#...############
.###..............
.#[#.###...###########
}.}...####...........#
.#.##..# ##..........###
}.}.##.####.....@J...[..
.#.##.......##...#######
##......######.###
#..#.#).# ##.# ..##.%..#
#..# ..###)#.# #.##
...##.#.## #.#
...##.#..####.#
...##.##....#.#


You could see a jelly.

Vanquished Creatures
  An adder (D:2)
  A worm (D:2)
  3 dart slugs
  2 ball pythons (D:2)
  3 endoplasms (D:1)
  4 giant cockroaches
  A goblin (D:1)
  2 hobgoblins (D:1)
  A jackal (D:2)
  2 quokkas (D:1)
  6 bats
  5 frilled lizards
  2 kobolds
  6 rats
39 creatures vanquished.

Vanquished Creatures (others)
  2 plants (D:1)
2 creatures vanquished.

Grand Total: 41 creatures vanquished

Notes
Turn   | Place    | Note
-------+----------+-------------------------------------------
     0 | D:1      | qw the Tengu Warper began the quest for the Orb.
     0 | D:1      | Reached XP level 1. HP: 12/12 MP: 4/4
     0 | D:1      | 0 ||| qw: Version: 0.1-a-89-g26bdef1
     0 | D:1      | 0 ||| qw: Game counter: 1302
     0 | D:1      | 0 ||| qw: Always use a shield: true
     0 | D:1      | 0 ||| qw: God list: Okawaru
     0 | D:1      | 0 ||| qw: Allow faded altars: false
     0 | D:1      | 0 ||| qw: Do Orc after D:15 true
     0 | D:1      | 0 ||| qw: Do second Lair branch before Depths: true
     0 | D:1      | 0 ||| qw: Lair rune preference: random
     0 | D:1      | 0 ||| qw: Plans: Normal
     0 | D:1      | 0 ||| PLANNING D:1-11
    91 | D:1      | Reached XP level 2. HP: 17/17 MP: 6/6
    93 | D:1      | Reached skill level 3 in Axes
   642 | D:1      | Reached XP level 3. HP: 21/21 MP: 7/7
   751 | D:1      | 751 ||| Stepping ~*~*~tactically~*~*~ (stealth).
   949 | D:1      | 949 ||| UPGRADING to +0 ring mail.
   959 | D:1      | 959 ||| DROPPING +0 leather armour.
   960 | D:1      | 960 ||| UPGRADING to +0 cloak.
   965 | D:1      | 965 ||| DROPPING amulet of magic regeneration.
   966 | D:1      | 966 ||| DROPPING ring of magical power.
   967 | D:1      | 967 ||| READING scroll labelled QEIFIGH MAUCH.
   968 | D:1      | 968 ||| READING scroll labelled RAPI YSTRURU.
   969 | D:1      | 969 ||| READING scroll labelled GIWUEPP WUAREMOARO.
   970 | D:1      | 970 ||| DROPPING scroll of blinking.
   988 | D:2      | 988 ||| Stepping ~*~*~tactically~*~*~ (hiding).
   991 | D:2      | 991 ||| Stepping ~*~*~tactically~*~*~ (hiding).
   999 | D:2      | Reached skill level 4 in Axes
  1000 | D:2      | 1000 ||| FLEEEEING.
  1003 | D:2      | 1003 ||| STAIRDANCE
  1440 | D:2      | Reached XP level 4. HP: 25/26 MP: 8/8
  1457 | D:2      | HP: 5/26 [acid (4)]
  1458 | D:2      | HP: 2/26 [acid (3)]
  1460 | D:2      | Splashed by a jelly's acid

Levels and vault maps discovered:
D:1:      lemuel_arrival_funnel, layout_basic, serial_bayou,
          serial_bayou_pond_c, serial_bayou_pond_a, serial_bayou_shore_a,
          serial_bayou_pond_d
D:2:      layout_rooms, minmay_hexomino_u4, uniq_robin

Skill      XL: |  1  2  3 |
---------------+----------+-----
Axes           | 3 4 |  4.5
Fighting       | |  2.0
Throwing       | |  1.0
Armour         | |  1.1
Dodging        | |  2.1
Spellcasting   | |  2.0
Translocations | |  2.4

Action                   |  1- 3 |  4- 6 || total
-------------------------+-------+-------++-------
Melee: Hand axe          |    78 |     6 ||    84
       Kick              |    17 |     2 ||    19
       Peck              |     7 |     2 ||     9
Throw: Boomerang         |     7 |       ||     7
  Use: Scroll            |     3 |       ||     3
Armor: Leather armour    |    16 |       ||    16
       Ring mail         |    10 |     1 ||    11
Dodge: Dodged            |    45 |     3 ||    48

Table legend:
 A = Non-vault XP
 B = Vault XP
 C = Vault XP percentage of total XP
 D = Non-vault monster count
 E = Vault monster count
 F = Vault count percentage of total count
                 A         B        C        D         E       F
            +---------+---------+-------+---------+---------+-------
      Total |      73 |       9 |  11.0 |      35 |       4 |  10.3
            +---------+---------+-------+---------+---------+-------
        D:1 |      40 |       0 |   0.0 |      24 |       0 |   0.0
        D:2 |      33 |       9 |  21.4 |      11 |       4 |  26.7
            +---------+---------+-------+---------+---------+-------
